 Dungeon Crawl Stone Soup version 0.29-a0-322-g68df515428 (webtiles) character file.

Game seed: 2108498367071073649

18 calli0pe the Skirmisher (level 2, -4/24 HPs)
             Began as a Human Berserker on Apr 8, 2022.
             Was a Follower of Trog.
             Slain by a quokka (5 damage)
             ... on level 2 of the Dungeon.
             The game lasted 00:01:34 (434 turns).

calli0pe the Skirmisher (Human Berserker)            Turns: 434, Time: 00:01:35

Health: -4/24      AC:  2    Str: 17    XL:     2   Next: 85%
Magic:  2/2        EV: 12    Int:  7    God:    Trog [*.....]
Gold:   0          SH:  0    Dex: 12    Spells: 1/1 levels left

rFire   + . .      SeeInvis .   a - +0 falchion
rCold   x . .      Faith    .   (no shield)
rNeg    . . .      Spirit   .   b - +0 animal skin
rPois   .          Reflect  .   (no helmet)
rElec   .          Harm     .   (no cloak)
rCorr   .          Rampage  .   (no gloves)
Will    .....                   (no boots)
Stlth   +.........              (no amulet)
HPRegen 0.08/turn               c - ring of fire
MPRegen 0.08/turn               (no ring)

@: no status effects
A: no striking features
a: Renounce Religion, Berserk


You were on level 2 of the Dungeon.
You worshipped Trog.
Trog was aware of your devotion.
You visited 1 branch of the dungeon, and saw 2 of its levels.

Inventory:

Hand Weapons
 a - a +0 falchion (weapon)
Armour
 b - a +0 animal skin (worn)
Jewellery
 c - a ring of fire (left hand)
Scrolls
 d - a scroll of amnesia (quivered) {unknown}


   Skills:
 + Level 3.5 Fighting
 + Level 3.3 Long Blades
 + Level 2.0 Armour
 + Level 2.0 Dodging


You had one spell level left.
You didn't know any spells.
Your spell library was empty.

Dungeon Overview and Level Annotations

Branches:
Dungeon (2/15)

Altars:


Message History

Unknown command.
You barely miss the goblin. The goblin barely misses you.
Unknown command.
Unknown command.
You hit the goblin.
The goblin is moderately wounded.
The goblin hits you but does no damage.
You hit the goblin.
You kill the goblin!
Trog accepts your kill.
You see here a +0 club.
Found a barding.
Found a stone staircase leading down.
Found 9 gold pieces.
A rat comes into view.
A worm comes into view.
The worm bites you!
Found 8 gold pieces.
A hobgoblin and an orc come into view.
The orc shouts!
The hobgoblin shouts!
A quokka comes into view.
A worm comes into view.
The orc hits you but does no damage.
The hobgoblin hits you but does no damage.
You see here 8 gold pieces.
You hit the hobgoblin but do no damage. The orc hits you with a +0 club.
The hobgoblin barely misses you.
You hit the hobgoblin.
The hobgoblin is heavily wounded.
The orc hits you with a +0 club.
* * * LOW HITPOINT WARNING * * *
The quokka bites you.
* * * LOW HITPOINT WARNING * * *
The hobgoblin hits you.
* * * LOW HITPOINT WARNING * * *
The orc hits you with a +0 club.
* * * LOW HITPOINT WARNING * * *
Unknown command.
Unknown command.
The hobgoblin closely misses you. The quokka bites you.
You die...

......#.# ##
......#.###....
...............
...##.#.#######
##. #.#w#
###.##.#.#
.........#######
##....o........
....#.@r.######
......♣Pg.......
.....PP≈.♣.##.##
####≈♣≈P≈≈...
#P≈≈.≈.wP...#
#.≈≈≈≈≈.P.....
.≈≈≈≈≈≈....##
#♣≈≈≈≈≈.....#


You could see 2 worms, an orc, a quokka and a hobgoblin.

Vanquished Creatures
  An adder (D:2)
  A dart slug (D:1)
  An endoplasm (D:1)
  A goblin (D:2)
  A hobgoblin (D:2)
  A frilled lizard (D:1)
  A rat (D:1)
7 creatures vanquished.

Notes
Turn   | Place    | Note
-------+----------+-------------------------------------------
     0 | D:1      | calli0pe the Human Berserker began the quest for the Orb.
     0 | D:1      | Reached XP level 1. HP: 18/18 MP: 1/1
   314 | D:2      | Reached XP level 2. HP: 18/24 MP: 2/2
   433 | D:2      | HP: 1/24 [orc/+0 club (2)]
   434 | D:2      | Slain by a quokka

Illustrated notes

Levels and vault maps discovered:
D:1:      erik_arrival_cave_to_civilisation [erik_arrival_cave_to_hall],
          layout_rooms, chequers_ecumenical_altar_simple_redux,
          roderic_lattice_a, st_stairs_11
D:2:      layout_basic, serial_bayou_pond_b

Action                   || total
-------------------------++-------
Melee: Falchion          ||    25
Armor: Animal skin       ||     6
Dodge: Dodged            ||    15

Table legend: (Time is in decaauts)
 A = Elapsed time spent in this place.
 B = Non-inter-level travel time spent in this place.
 C = Inter-level travel time spent in this place.
 D = Time resting spent in this place.
 E = Time spent auto-exploring this place.
 F = Levels seen in this place.
 G = Mean time per level.
                   A        B        C        D        E       F      G
               +--------+--------+--------+--------+--------+-----+--------+
         Total |    436 |    436 |      0 |    200 |      0 |   2 |  218.0 |
       Dungeon |    436 |    436 |      0 |    200 |      0 |   2 |  218.0 |
               +--------+--------+--------+--------+--------+-----+--------+

Top non-repeatable levels by time:
     D:1: 304 daAuts
     D:2: 131 daAuts
